 Dungeon Crawl Stone Soup version 0.28-a0-653-g7e9dba17c3 (webtiles) character file.

Game seed: 17073418632602428020

266 Zenkrye the Conjurer (level 6, 0/46 HPs)
             Began as a Palentonga Hedge Wizard on Oct 8, 2021.
             Slain by a gnoll (5 damage)
             ... on level 3 of the Dungeon on Oct 11, 2021.
             The game lasted 00:15:08 (4894 turns).

Zenkrye the Conjurer (Palentonga Hedge Wizard)      Turns: 4894, Time: 00:15:09

Health: 0/46       AC:  4    Str: 14    XL:     6   Next: 0%
Magic:  6/10       EV: 10    Int: 16    God:
Gold:   233        SH:  0    Dex: 15    Spells: 1/11 levels left

rFire   . . .      SeeInvis +   a - +0 dagger
rCold   . . .      Faith    .   (no shield)
rNeg    . . .      Spirit   .   b - +0 robe
rPois   .          Reflect  .   c - +0 hat
rElec   .          Harm     .   (no cloak)
rCorr   .          Rampage  .   (no gloves)
Will    .....                   (no barding)
Stlth   ++........              (no amulet)
HPRegen 0.15/turn               f - +6 ring of dexterity
MPRegen 0.12/turn               (no ring)

@: no status effects
A: large, rugged brown scales 3, see invisible, deformed body, roll 1, armoured
tail
a: Rolling Charge


You were on level 3 of the Dungeon.
You visited 1 branch of the dungeon, and saw 4 of its levels.

You collected 233 gold pieces.

Inventory:

Hand Weapons
 a - a +0 dagger (weapon)
 m - a +0 war axe
Missiles
 g - 48 bolts
Armour
 b - a +0 robe (worn)
 c - a +0 hat (worn)
 e - a +0 ring mail
Jewellery
 f - a +6 ring of dexterity (left hand)
 p - a +4 ring of protection
Scrolls
 h - a scroll of summoning {unknown}
 i - a scroll of vulnerability {unknown}
 j - 2 scrolls of identify {unknown}
 k - a scroll of teleportation {unknown}
 l - 2 scrolls of fog {unknown}
 n - a scroll of magic mapping {unknown}
Potions
 d - a potion of haste {unknown}


   Skills:
 + Level 1.3 Fighting
 + Level 2.1 Dodging
 - Level 1.2 Stealth
 - Level 3.0 Spellcasting
 + Level 5.0 Conjurations
 - Level 1.0 Summonings
 - Level 1.0 Translocations


You had one spell level left.
You knew the following spells:

 Your Spells              Type           Power      Damage    Failure   Level
a - Magic Dart            Conj           72%        1d6       2%          1
b - Blink                 Tloc           N/A        N/A       19%         2
c - Call Imp              Summ           5%         N/A       19%         2
d - Mephitic Cloud        Conj/Pois/Air  7%         N/A       28%         3
e - Slow                  Hex            2%         N/A       28%         2

Your spell library contained the following spells:

 Spells                   Type           Power      Damage    Failure   Level
 Conjure Flame            Conj/Fire      10%        6-21      21%         3


Dungeon Overview and Level Annotations

Branches:
Dungeon (4/15)
 Temple: D:4-7

Altars:
Trog

Annotations:
D:2 Sigmund


Innate Abilities, Weirdness & Mutations

You are completely covered in rugged brown scales. (AC +3, +7% HP)
You have supernaturally acute eyesight. (SInv)
Armour fits poorly on your strangely shaped body.
You can roll at nearby foes to attack.
You have a long armoured tail.


Message History

Something hits your crimson imp!
Your crimson imp dies!
Your crimson imp disappears in a puff of smoke!
The gnoll throws a throwing net.
The throwing net hits you.
You become entangled in the net!
Casting: Call Imp (safe; 19% risk of failure)
Confirm with . or Enter, or press ? or * to list all spells.
A beastly little devil appears in a puff of flame.
You struggle against the net.
The gnoll hits you with a +0 flail.
You struggle against the net.
The gnoll hits you with a +0 flail!
You struggle against the net.
Your crimson imp barely misses the gnoll.
The gnoll hits you with a +0 club. The gnoll hits you with a +0 flail!
* * * LOW HITPOINT WARNING * * *
You struggle against the net.
Your crimson imp barely misses the gnoll.
The gnoll hits you but does no damage. The gnoll hits you with a +0 flail.
* * * LOW HITPOINT WARNING * * *
You rip the net and break free!
Your crimson imp barely misses the gnoll.
The gnoll hits you with a +0 club.
* * * LOW HITPOINT WARNING * * *
The gnoll hits you with a +0 flail.
* * * LOW HITPOINT WARNING * * *
Your crimson imp blinks!
Something hits your crimson imp.
Something hits your crimson imp but does no damage.
There is a stone staircase leading up here.
The gnoll misses you. The gnoll hits you with a +0 flail.
* * * LOW HITPOINT WARNING * * *
Your crimson imp closely misses the gnoll.
You climb upwards.
There is a stone staircase leading down here.
The gnoll hits you with a +0 club.
* * * LOW HITPOINT WARNING * * *
Casting: Call Imp (safe; 19% risk of failure)
Confirm with . or Enter, or press ? or * to list all spells.
A beastly little devil appears in a puff of frigid air.
The gnoll hits you with a +0 club.
You die...

######......>..# #<#
#.#######.# #.# #.#
#.# #.# #.# #.# #.#
#.# #.# #.# ######.#
#.# #.#
.......#######.# #.#
...............####.#
###..........>gg@5..#
# ###################
# #


You could see 2 gnolls and a friendly white imp (summoned).

Vanquished Creatures
  A jelly (D:3)
  An orc priest (D:3)
  Natasha (thrice) (D:3)
  An orc wizard (D:3)
  A dart slug (D:2)
  6 orcs
  3 ball pythons
  4 endoplasms
  A giant cockroach (D:3)
  3 goblins
  4 hobgoblins
  3 quokkas
  3 bats
  6 frilled lizards
  4 kobolds
  5 rats
49 creatures vanquished.

Vanquished Creatures (collateral kills)
  4 gnolls (D:2)
  A worm (D:2)
  5 orcs (D:3)
10 creatures vanquished.

Vanquished Creatures (others)
  5 fungi (D:2)
  19 plants (D:3)
  4 toadstools (D:2)
28 creatures vanquished.

Grand Total: 87 creatures vanquished

Notes
Turn   | Place    | Note
-------+----------+-------------------------------------------
     0 | D:1      | Zenkrye the Palentonga Hedge Wizard began the quest for the
                  | Orb.
     0 | D:1      | Reached XP level 1. HP: 13/13 MP: 4/4
    40 | D:1      | Reached skill level 1 in Conjurations
   456 | D:1      | Reached XP level 2. HP: 20/20 MP: 3/6
   660 | D:1      | Reached skill level 2 in Conjurations
  1455 | D:1      | Learned a level 2 spell: Blink
  1458 | D:1      | Learned a level 2 spell: Call Imp
  1626 | D:2      | Reached XP level 3. HP: 25/25 MP: 3/7
  1631 | D:2      | Reached skill level 3 in Conjurations
  1815 | D:2      | Noticed Sigmund
  1992 | D:3      | Reached skill level 1 in Summonings
  2650 | D:3      | Reached XP level 4. HP: 32/32 MP: 4/8
  3042 | D:3      | Noticed Natasha
  3427 | D:3      | Killed Natasha
  3428 | D:3      | Reached skill level 4 in Conjurations
  3504 | D:3      | Noticed Natasha
  3507 | D:3      | Upgraded the game from 0.28-a0-628-g3c9886e45e to
                  | 0.28-a0-653-g7e9dba17c3
  3533 | D:3      | Killed Natasha
  3571 | D:3      | Noticed Natasha
  3577 | D:3      | Killed Natasha
  3578 | D:3      | Reached XP level 5. HP: 34/37 MP: 1/9
  4229 | D:3      | Reached skill level 5 in Conjurations
  4683 | D:3      | Reached skill level 1 in Fighting
  4691 | D:3      | Reached XP level 6. HP: 23/46 MP: 2/10
  4695 | D:3      | Learned a level 3 spell: Mephitic Cloud
  4698 | D:3      | Learned a level 2 spell: Slow
  4848 | D:4      | Found a bloodstained altar of Trog.
  4894 | D:3      | Slain by a gnoll

Illustrated notes

Levels and vault maps discovered:
D:1:      beargit_arrival_diablo_church, layout_basic
D:2:      layout_loops_ring, minmay_gold_behind_fungi, uniq_sigmund
D:3:      layout_loops_ring, serial_forest, infiniplex_forest_straight_4,
          infiniplex_forest_clump_long, infiniplex_forest_corner_1,
          infiniplex_forest_clump_diagonal, infiniplex_forest_clump_large,
          infiniplex_forest_clump_double, infiniplex_forest_clump_double,
          minmay_misc_feat_diagonals, uniq_natasha
D:4:      layout_gridville, trog_ov_bears_minmay,
          gammafunk_temple_overflow_elements, serial_shops, shop,
          minmay_manual_mares

Skill      XL: |  1  2  3  4  5 |
---------------+----------------+-----
Conjurations   | 1 2 3 4 5 |  5.0
Summonings     | 1 |  1.0
Fighting       | 1 |  1.3
Dodging        | 2 |  2.1
Stealth        | |  1.2
Spellcasting   | |  3.0
Translocations | |  1.0

Action                   |  1- 3 |  4- 6 || total
-------------------------+-------+-------++-------
Melee: Dagger            |    37 |    66 ||   103
       Tailslap          |     3 |    11 ||    14
 Cast: Magic Dart        |    60 |    41 ||   101
       Call Imp          |     7 |    14 ||    21
  Use: Potion            |       |     1 ||     1
 Stab: Sleeping          |       |     2 ||     2
Armor: Robe              |    17 |    22 ||    39
Dodge: Dodged            |    21 |    37 ||    58

Table legend: (Time is in decaauts)
 A = Elapsed time spent in this place.
 B = Non-inter-level travel time spent in this place.
 C = Inter-level travel time spent in this place.
 D = Time resting spent in this place.
 E = Time spent auto-exploring this place.
 F = Levels seen in this place.
 G = Mean time per level.
                   A        B        C        D        E       F      G
               +--------+--------+--------+--------+--------+-----+--------+
         Total |   4903 |   4544 |    359 |    866 |   2866 |   4 | 1225.8 |
       Dungeon |   4903 |   4544 |    359 |    866 |   2866 |   4 | 1225.8 |
               +--------+--------+--------+--------+--------+-----+--------+

Top non-repeatable levels by time:
     D:2: 1708 daAuts
     D:3: 1705 daAuts
     D:1: 1445 daAuts
     D:4: 43 daAuts
